 Dungeon Crawl Stone Soup version bcrawl-1.21.2-20-g6d45ba5942 (webtiles) character file.

Game seed: 6009973913297285031

91223 MisterOstroum the Slicer (level 15, -5/111 HPs)
             Began as a Demonspawn Archaeologist on Feb 25, 2020.
             Was a Plaything of Xom.
             Slain by a torpor snail (14 damage)
             ... on level 6 of the Lair of Beasts.
             The game lasted 00:48:22 (23013 turns).

MisterOstroum the Slicer (DsAc)                    Turns: 23013, Time: 00:48:23

Health: -5/111     AC: 12    Str: 16      XL:     15   Next: 54%
Magic:  0/28       EV: 19    Int: 10 (14) God:    Xom [..*...]
Gold:   343        SH: 10    Dex: 16 (17) Spells: 11/16 levels left

rFire    . . .     SeeInvis .   b - +4 scimitar (chaos)
rCold    . . .     Gourm    .   P - +1 buckler {AC+3}
rNeg     + . .     Faith    .   s - +0 leather armour
rPois    .         Spirit   +   n - +2 hat of the Bear Spirit {Spirit, +Rage rN+ MR++}
rElec    .         Reflect  .   A - scarf {cloud immunity}
rCorr    .         Harm     .   B - +2 pair of gloves
MR       ++++.                  (boots unavailable)
Stlth    ++++......             (no amulet)
HPRegen  1.28/turn              y - +4 ring of dexterity
MPRegen  0.42/turn              I - ring of magical power

@: lethally poisoned (-5 -> -5), about to teleport, berserk cooldown, slowed,
very slow
A: hooves 3, rugged brown scales 1, deterioration 1, dopey 1, frail 1, magic
resistance 1, sense surroundings 1, powered by death 2, wild magic 1, magic
shield, magic regeneration, magic link, MP-powered wands
a: Renounce Religion, Evoke Berserk Rage


You were on level 6 of the Lair of Beasts.
You worshipped Xom.
You were a toy of Xom.
You were very hungry.

You visited 4 branches of the dungeon, and saw 20 of its levels.
You visited 1 bazaar.
You also visited: Ossuary and Bailey.

You collected 1929 gold pieces.
You spent 1586 gold pieces at shops.

Inventory:

Hand Weapons
 a - the +10 rapier "Arrufot Zud" {pierce, rN+ Str+7}
   (You found it on level 4 of the Dungeon)

   It inflicts extra damage upon your enemies.
   It affects your strength (+7).
   It protects you from negative energy.
 b - a +4 scimitar of chaos (weapon)
 h - a +0 hunting sling
 F - the +5 short sword "Xuevad" {chaos, +Rage rPois Int+8}
   (Xom gifted it to you on level 6 of the Lair of Beasts)

   Each time it hits an enemy it has a different, random effect.
   It affects your intelligence (+8).
   It protects you from poison.
   It lets you go berserk.
 S - a +9 quick blade
Missiles
 i - 3533 stones (quivered)
Armour
 n - the +2 hat of the Bear Spirit (worn) {Spirit, +Rage rN+ MR++}
   (You bought it in a shop in the Orcish Mines)

   It protects you from negative energy.
   It affects your resistance to hostile enchantments.
   It lets you go berserk.
 s - a +0 leather armour (worn)
 A - a scarf of cloud immunity (worn)
 B - a +2 pair of gloves (worn)
 L - a +0 plate armour
 P - a +1 buckler of protection (worn)
Jewellery
 d - an uncursed ring of ice
 r - an uncursed ring of see invisible
 y - a +4 ring of dexterity (left hand)
 D - an uncursed ring of fire
 E - an uncursed ring of insulation
 I - a ring of magical power (right hand)
 R - an uncursed ring of positive energy
Wands
 c - a wand of iceblast (10)
 k - a wand of polymorph (8)
 H - a wand of flame (76)
 U - a wand of acid (15)
Scrolls
 f - 2 scrolls of enchant armour
 g - a scroll of magic mapping {@r5 !r}
 o - 9 scrolls of teleportation {@r3 !r}
 u - 3 scrolls of immolation
 v - 7 scrolls of remove curse {@r2}
 C - 2 scrolls of identify {@r1}
 K - 2 scrolls of fog {unknown}
 Q - 2 scrolls of noise
 T - 2 scrolls of fear
 W - a scroll of vulnerability
 Z - a scroll of blinking {@r4}
Potions
 j - 8 potions of heal wounds {@q2 !q}
 l - 2 potions of might {@q3 !q}
 m - 19 potions of curing {@q1 !q}
 p - 2 potions of lignification {@q6}
 q - 2 potions of agility {@q5 !q}
 t - 4 potions of flight
 x - 2 potions of ambrosia
 z - 2 potions of berserk rage
 J - 3 potions of invisibility
 M - a potion of mutation {unknown}
 N - 4 potions of haste
 O - a potion of magic
Miscellaneous
 G - a phial of floods
 V - a phantom mirror
 Y - a lightning rod (4/4)
Comestibles
 e - 37 rations {!d}
 w - 10 chunks of flesh


   Skills:
 + Level 11.9 Fighting
 - Level 13.6(14.1) Short Blades
 * Level 6.5(11.0) Long Blades
   Level 0.8 Maces & Flails
 - Level 10.0 Dodging
 - Level 10.0 Stealth
 - Level 4.0 Shields
 - Level 1.4 Spellcasting
 + Level 3.4 Charms
 + Level 4.7 Necromancy
 + Level 3.4 Translocations
 + Level 5.8 Evocations


You had 11 spell levels left.
You knew the following spells:

 Your Spells              Type           Power        Failure   Level  Hunger
B - Blink                 Tloc           N/A          22%         2    ###....
H - Regeneration          Chrm/Necr      ##........   30%         3    ####...

Your spell library contained the following spells:

 Spells                   Type           Power        Failure   Level  Hunger
 Animate Skeleton         Necr           N/A          10%         1    ##.....
 Pain                     Necr           ##....       10%         1    ##.....
 Vampiric Draining        Necr           ##........   24%         3    ####...
 Throw Frost              Conj/Ice       #.....       30%         2    ###....
 Flaming Arrows           Chrm/Fire      #.......     38%         2    ###....
 Flame Tongue             Conj/Fire      #....        47%         1    ##.....
 Freeze                   Ice            #.....       47%         1    ##.....
 Magic Dart               Conj           #...         47%         1    ##.....
 Animate Dead             Necr           N/A          58%         4    #####..
 Call Imp                 Summ           #.....       61%         2    ###....
 Ozocubu's Armour         Chrm/Ice       #.......     61%         3    ####...
 Confuse                  Hex            #.......     83%         3    ####...
 Conjure Flame            Conj/Fire      #.......     83%         3    ####...
 Dazzling Spray           Conj/Hex       #.....       83%         3    ####...
 Inner Flame              Hex/Fire       N/A          83%         3    ####...
 Mephitic Cloud           Conj/Pois/Air  #.......     83%         3    ####...
 Spider Form              Tmut/Pois      #..          83%         3    ####...
 Petrify                  Tmut/Erth      #.......     99%         4    #####..
 Sticky Flame             Conj/Fire      #.......     99%         4    #####..
 Summon Ice Beast         Ice/Summ       #.......     99%         4    #####..
 Throw Icicle             Conj/Ice       #.......     99%         4    #####..
 Yara's Violent Unravell  Hex/Tmut       #.........   99%         4    #####..
 Bolt of Draining         Conj/Necr      #.........   99%         5    ######.
 Fireball                 Conj/Fire      #.........   100%        5    ######.
 Metabolic Englaciation   Hex/Ice        #.........   100%        5    ######.
 Mana Rupture             Conj/Hex       #.........   100%        7    #######


Dungeon Overview and Level Annotations

Branches:
Dungeon (12/12)            Temple (1/1) D:5            Lair (6/6) D:8
  Swamp (0/3) Lair:3       Spider (0/3) Lair:3        Slime (0/5) Lair:5
    Orc (1/1) D:8             Elf (0/3) Orc          Vaults (0/3) D:12
 Depths (0/5) D:12

Altars:
Ashenzari
Cheibriados
Dithmenos
Elyvilon
Fedhas
Gozag
Hepliaklqana
Kikubaaqudgha
Lugonu
Makhleb
Nemelex Xobeh
Okawaru
Qazlal
Ru
Sif Muna
Trog
Uskayaw
Vehumet
Wu Jian
Xom
Yredelemnul
Zin
The Shining One
Beogh
Jiyva

Shops:
D:9 =   D:10 }   D:11 !   Orc ([:%[

Annotations:
D:12 1 runed translucent door, inmateoo's ghost, journeyman SDSA
Lair:1 3 runed translucent doors, yrara's ghost, novice GrFi
Lair:3 exclusion: 2 oklob plants
Lair:4 exclusion: 2 death yaks


Innate Abilities, Weirdness & Mutations

You have hooves in place of feet.
You are partially covered in rugged brown scales. (AC +1, +3% HP)
You regenerate health from kills.
When hurt, damage is shared between your health and your magic reserves.
You regenerate magic rapidly.
When low on magic, you restore magic in place of health.
Your body sometimes deteriorates upon taking damage.
You are dopey. (Int -2)
You are frail. (-10% HP)
You are resistant to hostile enchantments. (MR+)
You passively map a small area around you.
Your spells are a little harder to cast, but a little more powerful.
You expend magic power (3 MP) to strengthen your wands.


Message History

The hell hound bites you.
The wolf bites the plant but does no damage.
The polar bear misses you.
The polar bear claws you but does no damage.
The polar bear closely misses you. The warg closely misses you.
You miss the hell hound.
You kick the hell hound, but do no damage.
The hell hound barely misses you.
The wolf bites the plant but does no damage.
The hell hound breathes flames at you.
The blast of flame hits the hell hound.
The hell hound completely resists.
The blast of flame misses you. The dire elephant tramples you!
You hold your ground!
The dire elephant completely misses you.
The hell hound closely misses you. The warg bites you but does no damage.
The polar bear closely misses you. The polar bear misses you.
You block the polar bear's attack.
The wolf bites the plant.
The dire elephant barely misses you. The dire elephant trunk-slaps you.
You hit the hell hound. Your kick misses the hell hound.
The hell hound is moderately wounded.
Your surroundings suddenly seem different.
A tyrant leech comes into view.
A torpor snail comes into view.
The tyrant leech misses you. The tyrant leech bites you.
You closely miss the tyrant leech. You kick the tyrant leech!
The tyrant leech is lightly wounded.
The tyrant leech bites you.
The tyrant leech draws strength from your injuries!
You block the tyrant leech's attack.
You hit the tyrant leech.
The tyrant leech flickers and vanishes!
Deactivating autopickup; reactivate with Ctrl-A.
You kick something. Something bites you!!
Your body deteriorates!
You feel clumsy.
Something draws strength from your injuries!
You hit something. You burn something.
A hornet comes into view.
Something bites you!!
Something draws strength from your injuries!
Some of the chunks of flesh in your inventory have rotted away.
You hit something. You burn something. The torpor snail misses you.
Something barely misses you.
You hit the torpor snail. You burn the torpor snail.
You kick the torpor snail, but do no damage.
The torpor snail is lightly wounded.
You block the torpor snail's attack. Something bites you!
Something draws strength from your injuries!
You hit the torpor snail but do no damage.
The torpor snail is lightly wounded.
You block the torpor snail's attack. Something bites you!!
Your body deteriorates!
You feel dopey.
Something draws strength from your injuries!
You slash the torpor snail! You freeze the torpor snail.
You kick the torpor snail, but do no damage.
The torpor snail is moderately wounded.
The hornet stings you.
You feel as though you will be slow longer.
The torpor snail barely misses you. Something completely misses you.
You hit the torpor snail but do no damage.
The torpor snail is poisoned.
The torpor snail is moderately wounded.
The hornet stings you but does no damage.
The hornet stings you! Something bites you!!
* * * LOW HITPOINT WARNING * * *
Your body deteriorates!
You feel dopey.
Something draws strength from your injuries!
You slash the torpor snail!
The torpor snail appears confused.
You feel gritty.
You kick the torpor snail!
The torpor snail is heavily wounded.
You block the hornet's attack. The hornet closely misses you.
Something bites you!
* * * LOW HITPOINT WARNING * * *
Something draws strength from your injuries!
You miss the hornet. Your kick misses the hornet. The hornet barely misses you.
The torpor snail bites something!!
The hornet misses you. Something bites you!
* * * LOW HITPOINT WARNING * * *
Something draws strength from your injuries!
Really quaff
j - 10 potions of heal wounds {@q2 !q}?
You feel much better. You block the hornet's attack.
The hornet closely misses you.
The torpor snail misses something.
Something bites you!
* * * LOW HITPOINT WARNING * * *
Something draws strength from your injuries!
Really quaff
j - 9 potions of heal wounds {@q2 !q}?
You feel much better. The hornet misses you. The hornet stings you.
You are poisoned.
The torpor snail bites something!
Something bites you!!
* * * LOW HITPOINT WARNING * * *
Something draws strength from your injuries!
You block the hornet's attack.
Really read
o - 10 scrolls of teleportation {@r3 !r}?
As you read the scroll of teleportation {@r3 !r}, it crumbles to dust.
You feel strangely unstable.
You feel sick.
The torpor snail seems less confused.
The hornet misses you. Something bites you!!
* * * LOW HITPOINT WARNING * * *
Something draws strength from your injuries!
The hornet closely misses you. The torpor snail bites you!
You die...
Xom titters!

* ....... * , , ......... ,,
* , ##........# ,
*###.......... , , * *
#P..........# h , ,
##............ , P P
...#............# * ## PP
.......w......... ####.
P,,....P..{@........####...#
* .......y..........#......
...................#...÷.
....................#†..#
.........#...........####
P..........P..........## ,
...####..............P## ,
,.. ....#.#......P.÷P## y
#... ##....#......P


You could see a torpor snail and a hornet.

Vanquished Creatures
  Gastronok (Lair:3)
  Josephine (D:11)
  A vault guard (D:12)
  6 hydras
  A two-headed ogre (D:12)
  A centaur warrior (D:9)
  A death yak (shapeshifter) (D:11)
  A titan zombie (D:12)
  A vampire mage (D:12)
  6 orc high priests (Orc)
  A deep elf knight (D:12)
  A skeletal warrior (D:12)
  A glowing orange brain (D:12)
  2 wizards (D:12)
  2 unseen horrors
  A cyclops (D:12)
  3 necromancers (D:12)
  A frost giant zombie (D:12)
  3 manticores
  An orb spider (Lair:3)
  4 orc knights
  3 ugly things
  9 elephants
  A black mamba (Lair:6)
  An eye of devastation (shapeshifter) (D:12)
  7 komodo dragons
  10 cane toads
  3 rime drakes
  4 trolls
  3 polar bears
  2 tyrant leeches
  3 hornets
  10 blink frogs
  A slime creature (D:9)
  A raiju (Lair:6)
  A spriggan zombie (D:12)
  7 hippogriffs
  A deep troll zombie (D:12)
  A shadow (D:11)
  31 yaks
  3 wraiths (D:11)
  16 humans (D:12)
  A vampire (D:11)
  4 basilisks
  A hungry ghost (D:7)
  7 wargs
  An acid dragon (Lair:6)
  10 crocodiles
  2 hell hounds (Lair:6)
  A swamp worm (Lair:3)
  11 water moccasins
  9 porcupines
  3 ice beasts
  A sky beast (D:4)
  6 black bears
  5 ogres
  18 orc warriors
  A phantom (D:9)
  2 necrophages
  17 wolves
  7 centaurs
  3 big kobolds
  7 bullfrogs
  2 scorpions
  A water moccasin skeleton (D:4)
  4 wights (D:10)
  The ghost of Quickbrownfox the Ducker, a weakling MiAc (D:3)
  An electric eel (Lair:1)
  3 howler monkeys
  2 centaur zombies
  10 crimson imps
  2 quasits (D:3)
  6 hounds
  4 jellies
  4 centaur skeletons
  30 orc priests
  3 iguanas
  6 worker ants
  15 orc wizards
  13 mummies (Ossuary)
  2 worker ant zombies
  8 gnolls
  11 adders
  A howler monkey skeleton (D:7)
  3 shadow imps (D:8)
  2 oozes (D:1)
  An adder skeleton (D:6)
  5 worms
  3 dart slugs
  4 leopard geckos
  89 orcs
  2 ball pythons (D:1)
  4 giant cockroaches
  4 goblins
  12 hobgoblins
  16 jackals
  8 quokkas
  4 bats
  5 frilled lizards
  2 gnoll skeletons (Ossuary)
  2 goblin skeletons (Ossuary)
  13 kobolds
  2 kobold skeletons (Ossuary)
  An orc skeleton (Ossuary)
  5 rats
  11 rat skeletons (Ossuary)
602 creatures vanquished.

Vanquished Creatures (collateral kills)
  A blink frog (Lair:3)
  A hippogriff (Lair:3)
  3 humans (D:12)
  A floating eye (Lair:3)
6 creatures vanquished.

Vanquished Creatures (others)
  A skeletal warrior (D:12)
  An elephant (Lair:3)
  An orc priest (Orc)
  A kobold skeleton (Ossuary)
  7 fungi
  32 plants
  2 withered plants (D:12)
45 creatures vanquished.

Grand Total: 653 creatures vanquished

Notes
Turn   | Place    | Note
-------+----------+-------------------------------------------
     0 | D:1      | MisterOstroum the Demonspawn Archaeologist began the quest
                  | for the Orb.
     0 | D:1      | Reached XP level 1. HP: 15/15 MP: 1/1
    90 | D:1      | Gained mutation: You have large cloven feet. [demonic
                  | ancestry]
    90 | D:1      | Reached XP level 2. HP: 16/22 MP: 2/2
   697 | D:1      | Gained mutation: You are partially covered in rugged brown
                  | scales. (AC +1, +3% HP) [demonic ancestry]
   697 | D:1      | Reached XP level 3. HP: 23/29 MP: 3/3
  1688 | D:2      | Reached skill level 1 in Short Blades
  1760 | D:2      | Gained mutation: You regenerate a little health from kills.
                  | [demonic ancestry]
  1760 | D:2      | Reached XP level 4. HP: 36/36 MP: 4/4
  2070 | D:2      | Found a shimmering altar of Xom.
  2273 | D:2      | Became a worshipper of Xom the Fickle
  2324 | D:3      | Found a transporter.
  2324 | D:3      | Noticed Quickbrownfox's ghost (weakling MiAc)
  2359 | D:3      | Found a transporter.
  2377 | D:3      | XOM: potion effect (might)
  2381 | D:3      | XOM: potion effect (haste)
  2392 | D:3      | XOM: mild Conj miscast
  2393 | D:3      | Reached skill level 2 in Short Blades
  2393 | D:3      | Gained mutation: You regenerate health from kills. [demonic
                  | ancestry]
  2393 | D:3      | Reached XP level 5. HP: 25/43 MP: 5/5
  2393 | D:3      | Identified a scroll of acquirement
  2409 | D:3      | XOM: fog
  2412 | D:3      | XOM: summons friendly shadow imp
  2415 | D:3      | Killed Quickbrownfox's ghost
  2499 | D:3      | XOM: 2-stop teleportation journey
  2549 | D:3      | Found a snail-covered altar of Cheibriados.
  2670 | D:3      | XOM: god gift: 16 gold pieces
  2861 | D:3      | XOM: polymorph orc -> frilled lizard
  3053 | D:3      | XOM: polymorph jackal -> orc
  3072 | D:3      | Noticed a troll
  3073 | D:3      | Reached skill level 3 in Short Blades
  3344 | D:3      | XOM: summons 3 hostile shadow creatures
  3345 | D:3      | Noticed a centaur
  3354 | D:3      | XOM: scenery: 1 doors close
  3529 | D:3      | Gained mutation: When hurt, damage is shared between your
                  | health and your magic reserves. [demonic ancestry]
  3529 | D:3      | Reached XP level 6. HP: 49/49 MP: 6/6
  3548 | D:3      | Identified the ring "Momp" {rPois rC+ Str-4 Int+3} (You
                  | acquired it on level 3 of the Dungeon)
  3581 | D:3      | XOM: cloud trail
  3584 | D:3      | Noticed a soldier ant
  3609 | D:3      | XOM: god gift: ration
  3669 | D:4      | Got an ebony rapier
  3670 | D:4      | Identified the +10 rapier "Arrufot Zud" {pierce, rN+ Str+7}
                  | (You found it on level 4 of the Dungeon)
  3673 | D:4      | XOM: summons friendly rust devil
  3689 | D:4      | Noticed a two-headed ogre
  4027 | D:4      | Reached skill level 4 in Short Blades
  4068 | D:4      | Gained mutation: You regenerate magic rapidly. [demonic
                  | ancestry]
  4068 | D:4      | Reached XP level 7. HP: 56/56 MP: 7/7
  4170 | D:4      | Reached skill level 5 in Fighting
  4209 | D:4      | XOM: scenery: create altars
  4529 | D:5      | Entered Level 5 of the Dungeon
  4636 | D:5      | Reached skill level 5 in Short Blades
  4661 | D:5      | Found a sand-covered staircase.
  4678 | D:5      | Reached skill level 5 in Stealth
  4715 | D:5      | XOM: harmless Summ miscast
  4727 | Ossuary  | Entered an ossuary
  4914 | Ossuary  | Gained mutation: You have hoof-like feet. [demonic
                  | ancestry]
  4914 | Ossuary  | Reached XP level 8. HP: 64/64 MP: 8/8
  5042 | Ossuary  | XOM: mild Necr miscast
  5201 | D:5      | Reached skill level 6 in Short Blades
  5457 | D:5      | Found a staircase to the Ecumenical Temple.
  5797 | D:5      | XOM: harmless Necr miscast
  5878 | D:5      | XOM: harmless Pois miscast
  5888 | Temple   | Entered the Ecumenical Temple
  6064 | D:5      | XOM: scenery: 2 doors close
  6139 | D:6      | Reached skill level 1 in Shields
  6205 | D:6      | XOM: enchant monster (bad)
  6206 | D:6      | XOM: harmless Hex miscast
  6362 | D:6      | XOM: mild Erth miscast
  6363 | D:6      | XOM: 3-stop teleportation journey
  6385 | D:6      | XOM: mild Air miscast
  6404 | D:6      | Found a shattered altar of Ashenzari.
  6427 | D:6      | XOM: chaos upgrade
  6430 | D:6      | Reached skill level 7 in Short Blades
  6494 | D:6      | Gained mutation: When low on magic, you restore magic in
                  | place of health. [demonic ancestry]
  6494 | D:6      | Reached XP level 9. HP: 72/72 MP: 9/9
  7111 | D:7      | XOM: summons 1 hostile demon
  7113 | D:7      | Reached skill level 1 in Long Blades
  7130 | D:7      | Reached skill level 1 in Evocations
  7790 | D:8      | XOM: give mutations
  7790 | D:8      | Gained mutation: You are frail. (-10% HP) [Xom's mischief]
  7790 | D:8      | Gained mutation: Scrolls take you a little longer to read.
                  | [Xom's mischief]
  7953 | D:8      | XOM: summons 4 hostile demons
  8063 | D:8      | XOM: god gift: 45 gold pieces
  8167 | D:8      | Found a staircase to the Orcish Mines.
  8169 | D:8      | Found a staircase to the Lair.
  8170 | D:8      | Noticed a troll
  8179 | D:8      | XOM: cast spell 'Necromutation'
  8189 | D:8      | XOM: confuse monster(s)
  8191 | D:8      | Killed a troll
  8420 | Lair:1   | Entered Level 1 of the Lair of Beasts
  8421 | Lair:1   | Noticed a cane toad
  8422 | Lair:1   | Found a glowing silver altar of Zin.
  8431 | Lair:1   | Killed a cane toad
  8440 | Lair:1   | XOM: smoke on damage
  8612 | Lair:1   | Reached XP level 10. HP: 66/73 MP: 11/11
  8635 | Lair:1   | XOM: 1-stop teleportation journey
  8725 | Lair:1   | Found a runed translucent gate.
  8725 | Lair:1   | Found a runed translucent gate.
  8726 | Lair:1   | Found a runed translucent gate.
  8763 | Lair:1   | Reached skill level 5 in Dodging
  8769 | Lair:1   | Noticed a cane toad
  8779 | Lair:1   | Killed a cane toad
  8779 | Lair:1   | Reached skill level 8 in Short Blades
  8815 | Lair:1   | XOM: divination: magic mapping
  9033 | Lair:1   | XOM: noise
  9048 | Lair:1   | Noticed yrara's ghost (novice GrFi)
  9053 | Lair:1   | Found a viscous altar of Jiyva.
  9104 | Lair:1   | Noticed a cane toad
  9110 | Lair:1   | Killed a cane toad
  9180 | Lair:1   | XOM: give mutations
  9180 | Lair:1   | Gained mutation: You have hooves in place of feet. [Xom's
                  | grace]
  9180 | Lair:1   | Gained mutation: Your spells are a little harder to cast,
                  | but a little more powerful. [Xom's grace]
  9180 | Lair:1   | Gained mutation: You passively map a small area around you.
                  | [Xom's grace]
  9475 | Lair:2   | XOM: smoke on damage
  9479 | Lair:2   | XOM: potion effect (might)
  9577 | Lair:2   | Noticed a five-headed hydra
  9579 | Lair:2   | XOM: confuse monster(s)
  9581 | Lair:2   | Reached skill level 9 in Short Blades
  9588 | Lair:2   | Killed a five-headed hydra
  9795 | Lair:2   | Reached XP level 11. HP: 80/80 MP: 12/12
  9801 | Lair:2   | XOM: summons 3 friendly demons
 10476 | Lair:2   | XOM: god gift: runed morningstar {god gift}
 10783 | Lair:3   | XOM: stealth player
 10787 | Lair:3   | Found a hole to the Spider Nest.
 10793 | Lair:3   | Noticed an orb spider
 10793 | Lair:3   | a cane toad changed into an orb spider
 10793 | Lair:3   | XOM: polymorph cane toad -> orb spider
 10796 | Lair:3   | Killed an orb spider
 10806 | Lair:3   | Noticed Gastronok
 10878 | Lair:3   | Noticed an oklob plant
 10880 | Lair:3   | XOM: summons friendly quasit
 10883 | Lair:3   | Paralysed by a floating eye for 4 turns
 11194 | Lair:3   | XOM: 1-stop teleportation journey
 11344 | Lair:3   | Reached skill level 10 in Short Blades
 11386 | Lair:3   | XOM: cloud trail
 11484 | Lair:3   | XOM: summons 7 friendly demons
 11534 | Lair:3   | Found a staircase to the Swamp.
 11884 | Lair:3   | Noticed an oklob plant
 11895 | Lair:3   | XOM: swap monsters
 11911 | Lair:3   | XOM: divine lightning
 11917 | Lair:3   | XOM: confuse monster(s)
 11924 | Lair:3   | XOM: blink monster(s)
 11932 | Lair:3   | XOM: polymorph elephant -> manticore
 11935 | Lair:3   | XOM: summons 5 friendly demons
 11957 | Lair:3   | XOM: cleaving
 11961 | Lair:3   | XOM: medium Ice miscast
 11970 | Lair:3   | XOM: mild Erth miscast
 11983 | Lair:3   | XOM: enchant monster (bad)
 11985 | Lair:3   | XOM: 2-stop teleportation journey
 12012 | Lair:3   | XOM: give mutations
 12012 | Lair:3   | Gained mutation: You are dopey. (Int -2) [Xom's mischief]
 12012 | Lair:3   | Gained mutation: Your body sometimes deteriorates upon
                  | taking damage. [Xom's mischief]
 12012 | Lair:3   | Gained mutation: You are clumsy. (Dex -2) [Xom's mischief]
 12012 | Lair:3   | Gained mutation: You are resistant to hostile enchantments.
                  | (MR+) [Xom's mischief]
 12074 | Lair:3   | XOM: mild Conj miscast
 12290 | Lair:3   | XOM: cloud trail
 12417 | Lair:3   | XOM: scenery: create altars
 12440 | Lair:3   | Killed Gastronok
 12440 | Lair:3   | Reached skill level 11 in Short Blades
 12440 | Lair:3   | Mutation became permanent: You have hoof-like feet.
                  | [demonic ancestry]
 12440 | Lair:3   | Gained mutation: You have hooves in place of feet. [demonic
                  | ancestry]
 12440 | Lair:3   | Reached XP level 12. HP: 72/90 MP: 13/13
 12540 | Lair:3   | XOM: god gift: ration
 12620 | Lair:4   | Noticed a five-headed hydra
 12632 | Lair:4   | Killed a five-headed hydra
 12928 | Lair:4   | XOM: god gift: ration
 13008 | Lair:4   | Noticed a death yak
 13009 | Lair:4   | Noticed a death yak
 13195 | Lair:4   | XOM: scenery: create altars
 13215 | Lair:4   | Noticed a death yak
 13285 | Lair:4   | XOM: cloud trail
 13712 | Lair:4   | Noticed a death yak
 13773 | Lair:5   | Reached skill level 10 in Fighting
 13808 | Lair:5   | Found a staircase to the Slime Pits.
 13808 | Lair:5   | Found a viscous altar of Jiyva.
 13860 | Lair:5   | XOM: scenery: create altars
 13899 | Lair:5   | Noticed a four-headed hydra
 13906 | Lair:5   | Killed a four-headed hydra
 14000 | Lair:5   | XOM: summons friendly ufetubus
 14289 | Lair:5   | Noticed a six-headed hydra
 14290 | Lair:5   | Killed a six-headed hydra
 14290 | Lair:5   | Reached skill level 12 in Short Blades
 14326 | Lair:5   | XOM: summons 2 friendly demons
 14455 | Lair:5   | XOM: god gift: 20 gold pieces
 14805 | D:9      | Found Joloar's Jewellery Shoppe.
 14809 | D:9      | XOM: swap monsters
 14812 | D:9      | XOM: cleaving
 14849 | D:9      | XOM: divination: detect items
 14897 | D:9      | XOM: confuse monster(s)
 14935 | D:9      | XOM: scenery: 1 doors open
 14956 | D:9      | XOM: scenery: 1 doors close
 14959 | D:9      | Reached XP level 13. HP: 88/96 MP: 14/14
 15105 | D:9      | XOM: 3-stop teleportation journey
 15640 | D:10     | Entered Level 10 of the Dungeon
 15917 | D:10     | XOM: cast spell 'Summon Ice Beast'
 15929 | D:10     | XOM: fake destruction
 16035 | D:10     | XOM: harmless Necr miscast
 16110 | D:10     | XOM: cast spell 'Chain of Chaos'
 16378 | D:10     | Found Motaop's Gadget Shop.
 16502 | D:10     | XOM is BORED!
 16502 | D:10     | XOM: medium Tloc miscast
 16530 | D:10     | XOM: noise
 16762 | D:11     | XOM: polymorph six-headed hydra -> six-headed hydra
 16764 | D:11     | Noticed an emperor scorpion
 16766 | D:11     | an emperor scorpion changed into a death yak
 16846 | D:11     | Found Ruffag's Distillery.
 16882 | D:11     | Noticed Josephine
 16895 | D:11     | Killed Josephine
 16900 | D:11     | XOM: god gift: 5 rations
 16908 | D:11     | Reached skill level 10 in Stealth
 16935 | D:11     | Found a flagged portal.
 16951 | D:11     | Found a flickering gateway to a bazaar.
 16970 | Bailey   | Entered a bailey
 17016 | Bailey   | Found a burning altar of Makhleb.
 17090 | Bazaar   | Entered a bazaar
 17111 | Bazaar   | Found Ifacidub's Food Boutique.
 17136 | Bazaar   | Found Goralim's Food Boutique.
 17161 | Bazaar   | Found Mobrun's Food Boutique.
 17258 | D:11     | XOM: medium Necr miscast
 17553 | D:11     | Bought a potion of heal wounds for 55 gold pieces
 17553 | D:11     | Bought a potion of curing for 33 gold pieces
 17553 | D:11     | Bought a potion of curing for 33 gold pieces
 17553 | D:11     | Bought a potion of curing for 33 gold pieces
 17553 | D:11     | Bought a potion of curing for 33 gold pieces
 17553 | D:11     | Bought a potion of heal wounds for 55 gold pieces
 17553 | D:11     | Bought a potion of lignification for 33 gold pieces
 17553 | D:11     | Bought 2 potions of curing for 66 gold pieces
 17553 | D:11     | Bought a potion of curing for 33 gold pieces
 17645 | D:11     | XOM: swap monsters
 17682 | D:12     | Entered Level 12 of the Dungeon
 17789 | D:12     | XOM: cast spell 'Summon Hydra'
 17802 | D:12     | Reached skill level 13 in Short Blades
 17857 | D:12     | XOM: summons friendly shadow imp
 17863 | D:12     | XOM: confuse monster(s)
 17885 | D:12     | XOM: chaos upgrade
 17930 | D:12     | Found a gate to the Vaults.
 17943 | D:12     | XOM: confuse monster(s)
 17950 | D:12     | XOM: enchant monster (bad)
 18056 | D:12     | XOM: silly message
 18072 | D:11     | Learned a level 2 spell: Blink
 18076 | D:11     | Learned a level 3 spell: Regeneration
 18252 | D:11     | XOM: severe Fire miscast
 18373 | D:11     | XOM: medium Ice miscast
 18487 | D:12     | Found a staircase to the Depths.
 18703 | D:12     | XOM: give mutations
 18703 | D:12     | Lost mutation: Scrolls take you a little longer to read.
                  | [Xom's mischief]
 18703 | D:12     | Lost mutation: You are clumsy. (Dex -2) [Xom's mischief]
 18703 | D:12     | Gained mutation: You expend magic power (3 MP) to
                  | strengthen your wands. [Xom's mischief]
 18786 | D:12     | Identified the +11 trident of Defence by Offence {freeze,
                  | *Drain *Slow +Inv MP+9}
 18787 | D:12     | Found a runed translucent door.
 18788 | D:12     | Noticed inmateoo's ghost (journeyman SDSA)
 19133 | D:12     | Found a white marble altar of Elyvilon.
 19196 | D:12     | XOM: divine lightning
 19467 | D:12     | XOM: confuse monster(s)
 19499 | D:12     | Reached XP level 14. HP: 47/105 MP: 10/17
 19657 | D:12     | XOM: 1-stop teleportation journey
 19846 | D:12     | Reached skill level 1 in Necromancy
 19852 | D:12     | XOM: silly message
 19854 | D:12     | Reached skill level 1 in Charms
 19892 | D:12     | Reached skill level 1 in Translocations
 20032 | D:12     | XOM: enchant monster (good)
 20094 | D:12     | XOM: scenery: 1 doors open, 1 doors close
 20428 | D:11     | XOM: divination: detect creatures
 20471 | Orc      | Entered the Orcish Mines
 20654 | Orc      | XOM: divination: magic mapping
 20747 | Orc      | Found a staircase to the Elven Halls.
 20754 | Orc      | Found Nucytym's Antique Armour Emporium.
 20762 | Orc      | Bought the +2 hat of the Bear Spirit {Spirit, +Rage rN+
                  | MR++} for 1212 gold pieces
 20762 | Orc      | Found the +2 hat of the Bear Spirit {Spirit, +Rage rN+
                  | MR++}
 20795 | Orc      | XOM: potion effect (experience)
 20795 | Orc      | Reached skill level 5 in Long Blades
 20795 | Orc      | Reached skill level 1 in Spellcasting
 20795 | Orc      | Reached XP level 15. HP: 108/110 MP: 18/18
 20866 | Orc      | XOM: divination: magic mapping
 20870 | Orc      | XOM: potion effect (haste)
 20877 | Orc      | XOM: silly message
 20900 | Orc      | Reached skill level 5 in Evocations
 20908 | Orc      | Reached skill level 10 in Dodging
 20942 | Orc      | Found Beuhum's Book Shop.
 20945 | Orc      | XOM: silly message
 20949 | Orc      | Found Efrypp's Food Shoppe.
 21072 | Orc      | XOM: cloud trail
 21083 | Orc      | Found Eggudaw's Antique Weapon Shop.
 21084 | Orc      | Found Byesk's Antique Armour Shoppe.
 21085 | Orc      | XOM: harmless Conj miscast
 21211 | Orc      | Found a roughly hewn altar of Beogh.
 21542 | Orc      | Found Eggudaw's Antique Weapon Shop.
 21542 | Orc      | Found Byesk's Antique Armour Shoppe.
 21562 | Orc      | Found a roughly hewn altar of Beogh.
 21570 | Orc      | Found Beuhum's Book Shop.
 21570 | Orc      | Found Efrypp's Food Shoppe.
 21842 | Orc      | Found Nucytym's Antique Armour Emporium.
 21851 | Orc      | Found a staircase to the Elven Halls.
 22044 | Lair:6   | Entered Level 6 of the Lair of Beasts
 22061 | Lair:6   | XOM: cast spell 'Steam Barrier'
 22079 | Lair:6   | XOM: enchant monster (good)
 22085 | Lair:6   | XOM: enchant monster (good)
 22126 | Lair:6   | XOM: enchant monster (good)
 22205 | Lair:6   | XOM: god gift: encrusted short sword {god gift}
 22206 | Lair:6   | Got an encrusted short sword {god gift}
 22207 | Lair:6   | Identified the +5 short sword "Xuevad" {chaos, +Rage rPois
                  | Int+8} (Xom gifted it to you on level 6 of the Lair of
                  | Beasts)
 22225 | Lair:6   | XOM: god gift: scroll of amnesia
 22377 | Lair:6   | XOM: scenery: 1 doors open
 22386 | Lair:6   | XOM: enchant monster (good)
 22513 | Lair:6   | XOM: god gift: ration
 22556 | Lair:6   | XOM: fake destruction
 22599 | Lair:6   | XOM: mild Ice miscast
 22758 | Lair:6   | XOM: cast spell 'Leda's Liquefaction'
 22777 | Lair:6   | XOM: divination: detect creatures
 22987 | Lair:6   | XOM: enchant monster (bad)
 22992 | Lair:6   | XOM: summons 1 friendly demon
 22994 | Lair:6   | XOM: summons friendly white imp
 23013 | Lair:6   | Slain by a torpor snail

Skill      XL: |  1  2  3  4  5  6  7  8  9 10 11 12 13 14 15 |
---------------+----------------------------------------------+-----
Fighting       | 2 3 4 5 6 7 8 9 10 11 | 11.9
Short Blades   | 1 2 3 4 5 7 9 11 12 13 | 13.6
Stealth        | 4 5 6 8 9 10 | 10.0
Shields        | 3 4 |  4.0
Dodging        | 3 4 6 7 8 9 10 | 10.0
Long Blades    | 3 4 5 6 |  6.5
Evocations     | 2 4 5 |  5.8
Necromancy     | 3 4 |  4.7
Charms         | 2 3 |  3.4
Translocations | 2 3 |  3.4
Spellcasting   | 1 |  1.4
Maces & Flails | |  0.8

Action                   |  1- 3 |  4- 6 |  7- 9 | 10-12 | 13-15 || total
-------------------------+-------+-------+-------+-------+-------++-------
Melee: Whip              |   113 |       |       |       |       ||   113
       Short sword       |    61 |   215 |       |       |       ||   276
       Rapier            |       |    25 |   274 |   402 |   460 ||  1161
       Quick blade       |       |     9 |       |       |       ||     9
       Kick              |       |       |       |   129 |   354 ||   483
       Scimitar          |       |       |       |       |   508 ||   508
Throw: Stone             |     9 |     1 |     5 |    20 |    39 ||    74
 Abil: Evoke Berserk Rag |       |       |       |       |     1 ||     1
Evoke: Wand              |       |       |       |     4 |       ||     4
       Lightning rod     |       |       |       |     4 |       ||     4
  Use: Scroll            |       |     1 |     6 |    10 |    16 ||    33
       Potion            |       |       |       |       |     3 ||     3
 Stab: Sleeping          |     3 |     2 |    23 |    17 |     6 ||    51
       Distracted        |       |     1 |       |     1 |     1 ||     3
       Confused          |       |       |       |     2 |     8 ||    10
       Invisible         |       |       |       |       |     3 ||     3
       Paralysed         |       |       |       |       |     3 ||     3
       Petrified         |       |       |       |       |     7 ||     7
       Petrifying        |       |       |       |       |     3 ||     3
  Eat: Chunk             |     3 |     8 |    11 |    17 |    19 ||    58
       Ration            |       |       |     1 |     1 |     2 ||     4
Armor: Robe              |    53 |   131 |    14 |       |       ||   198
       Leather armour    |       |       |    33 |    59 |   159 ||   251
       Plate armour      |       |       |       |       |    85 ||    85
Dodge: Dodged            |   130 |   248 |   133 |   191 |   572 ||  1274
Block: Buckler           |       |       |    41 |    76 |   367 ||   484
